 Dungeon Crawl Stone Soup version 0.30-a0-1112-gfb780f5df6 (webtiles) character file.

Game seed: 3722148522132654001

31 voltaire321 the Magician (level 3, 0/22 HPs)
             Began as an Octopode Hedge Wizard on Apr 19, 2023.
             Slain by a worm (7 damage)
             ... on level 2 of the Dungeon.
             The game lasted 00:02:54 (1169 turns).

voltaire321 the Magician (Octopode Hedge Wizard)    Turns: 1169, Time: 00:02:55

Health: 0/22       AC:  1    Str:  9    XL:     3   Next: 22%
Magic:  7/7        EV: 13    Int: 18    God:
Gold:   85         SH:  0    Dex: 11    Spells: 3/8 levels left

rFire   . . .      SeeInvis .    d - +0 dagger (venom)
rCold   . . .      Faith    .    (no shield)
rNeg    . . .      Spirit   .    b - +0 hat
rPois   .          Reflect  .    (no amulet)
rElec   .          Rampage  .    (no ring)
rCorr   .                        (no ring)
Will    .....                    (no ring)
Stlth   +++                      (no ring)
HPRegen 0.23/turn                (no ring)
MPRegen 0.10/turn                (no ring)
                                 (no ring)
                                 (no ring)

@: no status effects
A: almost no armour, amphibious, 8 rings, camouflage 1, gelatinous body 1,
(nimble swimmer 1), tentacles
a: no special abilities


You were on level 2 of the Dungeon.
You visited 1 branch of the dungeon, and saw 2 of its levels.

You collected 85 gold pieces.

Inventory:

Hand Weapons
 d - a +0 dagger of venom (weapon)
Armour
 b - a +0 hat (worn)
Jewellery
 f - a ring of flight
Scrolls
 a - a scroll of amnesia {unknown}
 e - a scroll of teleportation {unknown}
 i - a scroll of identify {unknown}
Potions
 c - 2 potions of magic
 g - a potion of cancellation {unknown}
 h - a potion of heal wounds {unknown}


   Skills:
 + Level 0.7 Fighting
 + Level 2.2 Dodging
 - Level 2.7 Stealth
 + Level 3.2 Spellcasting
 + Level 1.5 Conjurations
 + Level 1.3 Summonings
 + Level 1.5 Translocations


You had 3 spell levels left.
You knew the following spells:

 Your Spells              Type           Power      Damage    Failure   Level
a - Magic Dart            Conj           32%        1d4       9%          1
b - Call Imp              Summ           14%        N/A       14%         2
c - Blink                 Tloc           16%        N/A       13%         2

Your spell library contained the following spells:

 Spells                   Type           Power      Damage    Failure   Level
 Slow                     Hex            8%         N/A       16%         1
 Cigotuvi's Dreadful Rot  Necr/Pois/Air  4%         N/A       24%         2
 Volatile Blastmotes      Fire/Tloc      10%        2d10      34%         3
 Mephitic Cloud           Conj/Pois/Air  4%         N/A       36%         3
 Iskenderun's Mystic Bla  Conj/Tloc      8%         2d4       63%         4
 Fulminant Prism          Conj/Hex       2%         3d5       75%         4
 Lee's Rapid Deconstruct  Erth           1%         3d4*      99%         5


Dungeon Overview and Level Annotations

Branches:
Dungeon (2/15)

Altars:


Innate Abilities, Weirdness & Mutations

You cannot wear most types of armour.
You are amphibious.
You can wear up to eight rings at the same time.
Your skin changes colour to match your surroundings (Stealth+).
Your rubbery body absorbs attacks. (AC +1, EV +1)
((You are camouflaged when in or above water. (Stealth+)))
You have tentacles for arms and can constrict up to eight enemies at once.


Message History

Found a stone staircase leading up.
You now have 56 gold pieces (gained 6).
There is a stone staircase leading up here.
A quokka comes into view.
Found a stone staircase leading down.
Found a stone staircase leading down.
Found 14 gold pieces.
Found a mace.
You see here 15 gold pieces.
The helpless quokka fails to defend itself.
You hit the quokka.
You kill the quokka!
You now have 71 gold pieces (gained 15).
You now have 85 gold pieces (gained 14).
You see here a +0 mace.
A worm comes into view.
A goblin comes into view.
It is wielding a +0 club. 2 goblins and a hobgoblin come into view.
The goblin shouts!
The hobgoblin shouts!
You hear a shout! x5
A goblin comes into view. It is wielding a +0 dagger.
The hobgoblin moves out of view.
The goblin shouts!
You barely miss the worm.
The goblin shouts!
You grab the worm. You constrict the worm. The worm bites you!
A goblin comes into view. It is wielding a +0 club.
You hit the worm.
The worm is poisoned.
The worm is lightly wounded.
You constrict the worm, but do no damage.
A quokka comes into view.
The worm bites you.
A hobgoblin comes into view.
You hit the worm.
The worm looks as sick as possible!
The worm is moderately wounded.
You constrict the worm.
A goblin comes into view. It is wielding a +0 club.
You hit the worm but do no damage.
The worm looks as sick as possible!
The worm is heavily wounded.
You constrict the worm. The worm bites you!
You die...

##.##.#.# ##.##.#.##
##.......# ##.#.##.#
#.#.##.# # #.#.##.# .###
#.#.##.###### .g...
#...........####...###
###.#.###.....@w.ggg..
.#>##.#.##..........g.g.
...........>............
..#.#.#.#.###.####g....g
#.#.#.###)# .r.###
###.#.........# ....#
.[..##.##.##### ..##
##..##.##.# ...
##........#


You could see a worm (extremely poisoned), a quokka, 2 hobgoblins and 6 goblins.

Vanquished Creatures
  A dart slug (D:1)
  3 endoplasms (D:1)
  3 giant cockroaches (D:1)
  5 goblins (D:1)
  A hobgoblin (D:1)
  2 quokkas
  5 ball pythons (D:1)
  3 bats (D:1)
  A frilled lizard (D:1)
  A kobold (D:1)
  2 rats (D:1)
27 creatures vanquished.

Notes
Turn   | Place    | Note
-------+----------+-------------------------------------------
     0 | D:1      | voltaire321 the Octopode Hedge Wizard began the quest for
                  | the Orb.
     0 | D:1      | Reached XP level 1. HP: 11/11 MP: 4/4
   101 | D:1      | Reached XP level 2. HP: 13/18 MP: 0/6
   406 | D:1      | Learned a level 2 spell: Call Imp
   409 | D:1      | Learned a level 2 spell: Blink
   504 | D:1      | Reached XP level 3. HP: 20/22 MP: 3/7
  1169 | D:2      | Slain by a worm

Illustrated notes

Levels and vault maps discovered:
D:1:      dpeg_arrival_arbitrary_a, layout_basic
D:2:      layout_loops_cross, uniq_robin, uniq_sigmund

Action                     || total
---------------------------++-------
  Melee: Dagger            ||    40
         Constrict         ||     9
         Tentacles         ||     6
         Punch             ||     1
   Cast: Magic Dart        ||    29
   Stab: Sleeping          ||     4
 Armour: Skin              ||     2
  Dodge: Dodged            ||    16

Table legend: (Time is in decaauts)
 A = Elapsed time spent in this place.
 B = Non-inter-level travel time spent in this place.
 C = Inter-level travel time spent in this place.
 D = Time resting spent in this place.
 E = Time spent auto-exploring this place.
 F = Levels seen in this place.
 G = Mean time per level.
                   A        B        C        D        E       F      G
               +--------+--------+--------+--------+--------+-----+--------+
         Total |   1168 |   1145 |     23 |    255 |    614 |   2 |  584.0 |
       Dungeon |   1168 |   1145 |     23 |    255 |    614 |   2 |  584.0 |
               +--------+--------+--------+--------+--------+-----+--------+

Top non-repeatable levels by time:
     D:1: 1071 daAuts
     D:2: 96 daAuts
